 Dungeon Crawl Stone Soup version 0.25-a0-200-g5ba96148f3 (webtiles) character file.

Game seed: 6919621383260844415, levelgen mode: deterministic

119 floatRand the Slasher (level 4, -1/37 HPs)
             Began as a Demigod Skald on Dec 1, 2019.
             Slain by Grinder (6 damage)
             ... while paralysed by Grinder
             ... on level 3 of the Dungeon.
             The game lasted 00:03:51 (3014 turns).

floatRand the Slasher (Demigod Skald)               Turns: 3014, Time: 00:03:52

Health: -1/37      AC:  4    Str: 16    XL:     4   Next: 46%
Magic:  8/9        EV:  2    Int: 20    God:
Gold:   131        SH:  0    Dex: 15    Spells: 2/6 levels left

rFire    . . .     SeeInvis .   a - +0 falchion
rCold    . . .     Gourm    .   (no shield)
rNeg     . . .     Faith    .   b - +0 leather armour
rPois    .         Spirit   .   (no helmet)
rElec    .         Reflect  .   k - +0 cloak
rCorr    .         Harm     .   (no gloves)
MR       .....                  (no boots)
Stlth    +.........             (no amulet)
HPRegen  0.12/turn              c - +3 ring of intelligence
MPRegen  0.11/turn              i - ring of wizardry

@: paralysed, infused (expiring)
A: high mp 1
a: no special abilities


You were on level 3 of the Dungeon.
You were hungry.

You visited 1 branch of the dungeon, and saw 3 of its levels.

You collected 131 gold pieces.

Inventory:

Hand Weapons
 a - a +0 falchion (weapon)
 n - a cursed +0 dagger
Missiles
 q - a throwing net (quivered)
Armour
 b - a +0 leather armour (worn)
 k - a +0 cloak (worn)
Jewellery
 c - a +3 ring of intelligence (left hand)
 i - a ring of wizardry (right hand)
 l - an uncursed ring of magical power {unknown}
Scrolls
 g - a scroll of remove curse
 j - a scroll of random uselessness {unknown}
 m - 2 scrolls of teleportation
Potions
 e - a potion of haste {unknown}
 f - a potion of heal wounds
 h - a potion of curing
 o - 2 potions of flight {unknown}
 p - a potion of magic {unknown}
 r - a potion of degeneration {unknown}
 t - 2 potions of ambrosia {unknown}
 u - a potion of agility {unknown}
Comestibles
 d - 7 rations


   Skills:
 - Level 2.5 Fighting
 * Level 3.4 Long Blades
 - Level 0.8 Armour
 + Level 2.7 Dodging
 - Level 1.7 Spellcasting
 + Level 2.7 Charms


You had 2 spell levels left.
You knew the following spells:

 Your Spells              Type           Power        Failure   Level  Hunger
a - Infusion              Chrm           ##..         2%          1    #......
b - Regeneration          Chrm/Necr      #.........   14%         3    ###....

Your spell library contained the following spells:

 Spells                   Type           Power        Failure   Level  Hunger
 Song of Slaying          Chrm           ##......     4%          2    ###....
 Shroud of Golubria       Chrm/Tloc      #.....       7%          2    ###....
 Spectral Weapon          Hex/Chrm       #.......     14%         3    ###....


Dungeon Overview and Level Annotations

Branches:
Dungeon (3/15)

Annotations:
D:3 Grinder


Innate Abilities, Weirdness & Mutations

You have an increased reservoir of magic. (+10% MP)


Message History

You barely miss Grinder.
Grinder blinks!
Things that are here:
a +0 scale mail; a goblin corpse Grinder hits you.
You writhe in agony.
You hit Grinder.
Grinder is lightly wounded.
Grinder hits you.
You writhe in agony.
You completely miss Grinder.
Grinder is lightly wounded.
Grinder gestures at you.
You suddenly lose the ability to move!
Your magical infusion is running out.
Grinder hits you.
You writhe in agony.
* * * LOW HITPOINT WARNING * * *
Grinder hits you.
* * * LOW HITPOINT WARNING * * *
You writhe in agony.
* * * LOW HITPOINT WARNING * * *
Grinder hits you.
You die...

#.# ##.## #.#
#.... #.# #....
#.# #.... #.#
#.... #.# #....
#.#
#....###########.#
#...5@.[.........#
#....#############
#####


You could see Grinder.

Vanquished Creatures
  A worker ant (D:2)
  2 gnolls
  3 adders
  2 worms
  A dart slug (D:3)
  A ball python (D:2)
  3 giant cockroaches
  3 goblins
  4 hobgoblins
  A quokka (D:2)
  3 bats
  11 frilled lizards
  6 kobolds
  5 rats
46 creatures vanquished.

Notes
Turn   | Place    | Note
-------+----------+-------------------------------------------
     0 | D:1      | floatRand the Demigod Skald began the quest for the Orb.
     0 | D:1      | Reached XP level 1. HP: 17/17 MP: 5/5
   422 | D:1      | Reached skill level 2 in Long Blades
   921 | D:2      | Reached XP level 2. HP: 23/24 MP: 7/7
  1285 | D:2      | Reached XP level 3. HP: 12/30 MP: 8/8
  1534 | D:2      | Learned a level 3 spell: Regeneration
  1631 | D:2      | Reached skill level 3 in Long Blades
  2492 | D:3      | Found a white marble altar of Elyvilon.
  2560 | D:3      | Reached XP level 4. HP: 37/37 MP: 9/9
  2999 | D:3      | Noticed Grinder
  3000 | D:3      | Paralysed by Grinder for 2 turns
  3011 | D:3      | Paralysed by Grinder for 5 turns
  3014 | D:3      | Slain by Grinder

Levels and vault maps discovered:
D:1:      lightli_arrival_windingriver, layout_basic, grunt_decor_arrowhead
D:2:      kennysheep_big_flooded_room, layout_basic, minmay_lizard_pond
D:3:      layout_basic, elyvilon_altar_5,
          nicolae_gozag_cash_rules_everything_around_me, uniq_grinder

Skill      XL: |  1  2  3 |
---------------+----------+-----
Long Blades    | 2 3 |  3.4
Fighting       | 2 |  2.5
Dodging        | 2 |  2.7
Armour         | |  0.8
Spellcasting   | |  1.7
Charms         | |  2.7

Action                   |  1- 3 |  4- 6 || total
-------------------------+-------+-------++-------
Melee: Falchion          |   124 |    27 ||   151
 Cast: Infusion          |       |     1 ||     1
  Use: Potion            |     2 |       ||     2
       Scroll            |     5 |     1 ||     6
  Eat: Chunk             |     5 |     1 ||     6
Armor: Leather armour    |    32 |    11 ||    43
Dodge: Dodged            |    89 |    20 ||   109
       Rpst.: Falchion   |    28 |     8 ||    36

Table legend:
 A = Non-vault XP
 B = Vault XP
 C = Vault XP percentage of total XP
 D = Non-vault monster count
 E = Vault monster count
 F = Vault count percentage of total count
                 A         B        C        D         E       F
            +---------+---------+-------+---------+---------+-------
      Total |     157 |      13 |   7.6 |      35 |      11 |  23.9
            +---------+---------+-------+---------+---------+-------
        D:1 |      12 |       0 |   0.0 |       8 |       0 |   0.0
        D:2 |      92 |      13 |  12.4 |      14 |      11 |  44.0
        D:3 |      53 |       0 |   0.0 |      13 |       0 |   0.0
            +---------+---------+-------+---------+---------+-------
